 Dungeon Crawl Stone Soup version 0.21.0-24-g2553a33 (webtiles) character file.

6060 Gorglomux the Protected (level 10, 0/94 HPs)
             Began as a Deep Dwarf Fighter on Jan 20, 2018.
             Was a Believer of Makhleb.
             Killed from afar by Psyche (13 damage)
             ... with a wand of acid (4)
             ... on level 9 of the Dungeon.
             The game lasted 00:05:48 (7000 turns).

Gorglomux the Protected (Deep Dwarf Fighter)        Turns: 7000, Time: 00:05:49

Health: 0/94       AC:  6    Str: 24    XL:     10   Next: 57%
Magic:  7/7        EV:  8    Int:  8    God:    Makhleb [**....]
Gold:   78         SH: 13    Dex: 15    Spells: 9/9 levels left

rFire    + . .     SeeInvis .   a - +1 war axe
rCold    . . .     Gourm    .   c - +1 shield
rNeg     . . .     Faith    .   b - +0 scale mail
rPois    .         Spirit   .   (no helmet)
rElec    .         Reflect  .   (no cloak)
rCorr    .         Harm     .   (no gloves)
MR       +....                  V - +1 pair of boots
Stlth    ..........             (no amulet)
HPRegen  0.00/turn              n - +3 ring of dexterity
MPRegen  0.10/turn              f - ring of protection from fire

@: corroded, non-regenerating, drained
A: damage resistance, heal wounds, sense surroundings 2, no regeneration
a: Heal Wounds, Minor Destruction, Renounce Religion


You were on level 9 of the Dungeon.
You worshipped Makhleb.
Makhleb was pleased with you.
You were not hungry.

You visited 2 branches of the dungeon, and saw 10 of its levels.
You also visited: Ossuary.

You collected 397 gold pieces.
You spent 319 gold pieces at shops.

Inventory:

Hand Weapons
 a - a +1 war axe (weapon)
 J - a +0 executioner's axe of chopping
Armour
 b - a +0 scale mail (worn)
 c - a +1 shield (worn)
 V - a +1 pair of boots (worn)
Jewellery
 f - a ring of protection from fire (right hand)
 n - a +3 ring of dexterity (left hand)
Wands
 A - a wand of acid (1)
 E - a wand of enslavement (17)
 I - a wand of iceblast (4)
 P - a wand of paralysis (14)
Scrolls
 i - 7 scrolls of remove curse
 j - 2 scrolls of enchant weapon
 k - a scroll of enchant armour
 q - 2 scrolls of immolation
 r - a scroll of fear
 B - 4 scrolls of blinking
 L - a scroll of fog
 M - 2 scrolls of magic mapping
 R - a scroll of identify
Potions
 d - 3 potions of might
 h - 4 potions of lignification
 s - 3 potions of resistance
 x - 2 potions of cancellation
 H - a potion of agility
 N - 2 potions of brilliance
 O - 2 potions of ambrosia
 Q - 8 potions of curing
 S - 3 potions of flight
 T - a potion of magic
 U - a potion of heal wounds
 W - a potion of mutation
Books
 v - a book of Changes

   Spells                             Type                      Level
   a - Beastly Appendage              Transmutation                1
   b - Sticks to Snakes               Transmutation                2
   c - Spider Form                    Transmutation/Poison         3
   d - Ice Form                       Ice/Transmutation            4
   e - Blade Hands                    Transmutation                5
 X - a book of Cantrips

   Spells                             Type                      Level
   a - Confusing Touch                Hexes                        1
   b - Animate Skeleton               Necromancy                   1
   c - Summon Small Mammal            Summoning                    1
   d - Apportation                    Translocation                1
 Y - a book of Geomancy

   Spells                             Type                      Level
   a - Sandblast                      Earth                        1
   b - Passwall                       Transmutation/Earth          2
   c - Stone Arrow                    Conjuration/Earth            3
   d - Petrify                        Transmutation/Earth          4
   e - Lee's Rapid Deconstruction     Earth                        5
 Z - a book of Misfortune

   Spells                             Type                      Level
   a - Confusing Touch                Hexes                        1
   b - Confuse                        Hexes                        3
   c - Gell's Gravitas                Translocation                3
   d - Petrify                        Transmutation/Earth          4
   e - Metabolic Englaciation         Hexes/Ice                    5
   f - Yara's Violent Unravelling     Hexes/Transmutation          5
Comestibles
 t - 18 rations


   Skills:
 + Level 7.4(6.8) Fighting
 + Level 8.5(7.9) Axes
 + Level 8.9(8.4) Armour
 + Level 8.9(8.3) Shields
 + Level 7.2(6.6) Invocations


You had 9 spell levels left.
You didn't know any spells.

Dungeon Overview and Level Annotations

Branches:
Dungeon (9/15)             Temple (1/1) D:5            Lair (0/6) D:9
    Orc: D:9-12

Altars:
Ashenzari
Cheibriados
Dithmenos
Elyvilon
Fedhas
Gozag
Hepliaklqana
Kikubaaqudgha
Makhleb
Nemelex Xobeh
Okawaru
Qazlal
Ru
Sif Muna
Trog
Uskayaw
Vehumet
Wu Jian
Xom
Yredelemnul
Zin

Shops:
D:7 %}%:[

Annotations:
D:9 Psyche


Innate Abilities, Weirdness & Mutations

You are resistant to damage.
You can heal yourself by infusing magical energy.
You passively map the area around you.
You do not regenerate.


Message History

All of the chunks of flesh in your inventory have butt away!
There is an butt door here!
There is an open door here!
Psyche shouts!!!
Psyche is too close now for your liking!
Psyche is nearby!!!
Psyche is nearby!!!
Press: ? - help, Shift-Dir - straight line, f - Psyche Butt: Psyche, wielding a dagger of distortion, wearing an embroidered robe and carrying a wand of acid (5) (moderately wounded) Psyche writhes in agony!!!
Psyche zaps a wand!
The bolt of acid hits you!!! * * * don't die
* * * The acid corrodes you!!!
You are splashed with acid!!!
The acid burns!!! * * * don't die
* * *
Press: ? - help, Shift-Dir - straight butt, f/butt - Psyche
Aim: Psyche, wielding a dagger of distortion, wearing an embroidered butt and carrying a wand of acid (4) (heavily wounded)
The glob of acid hits Psyche!
Psyche is splashed with acid!
Psyche butts almost dead!
Psyche is splashed with acid!
The acid corrodes Psyche!!!
Psyche zaps a wand!
The butt of acid hits you!!! rip

#####.....##...........###..≈≈...
..........##...........# #..≈≈...
...###....##...........# #.......
.....+....+.......###### ........
######....##.####..######.####.##
, #....##># #.......... ..... ,
#.......# #.'#########+#+#. ,
#.......# ##.#....##...##.# ,
#.......# #@.#.##.#.##.##.# ,
#######.# #..###.##.#.##♣.♣# ,
#####.# #...#..#.##.##...# ,
#.....# #.#.##.#.#.##♣...♣ ,
#...).###.@..#..##.##..P.. *,
#.....'....#.##.#.##♣.._.. ,
#.....####.#..###.##..P.P. ,
#.....# ....##.##♣...... ,
#.....# ...#.##..♣.♣.♣


You could see Psyche.

Vanquished Creatures
  2 two-headed ogres (D:8)
  Joseph (D:7)
  Prince Ribbit (D:8)
  Sigmund (D:6)
  A wyvern (D:9)
  2 wraiths (Ossuary)
  2 wargs (D:9)
  Duvessa (D:7)
  2 ice beasts
  2 necrophages
  An orc warrior (D:9)
  3 phantoms
  4 ogres
  5 bullfrogs
  Dowan (D:7)
  A water moccasin zombie (D:7)
  2 scorpions
  4 killer bees (D:8)
  8 wights
  A howler monkey (D:8)
  A centaur zombie (D:7)
  A crimson imp (D:5)
  2 jellies
  A quasit (D:6)
  2 bullfrog skeletons
  4 orc priests
  3 centaur skeletons (D:5)
  3 hounds
  2 orc wizards
  Natasha (thrice) (D:3)
  5 iguanas
  5 worker ants
  A killer bee zombie (D:5)
  A hound skeleton (D:3)
  A mummy (D:8)
  Robin (D:3)
  A howler monkey zombie (D:5)
  9 adders
  7 gnolls
  A howler monkey skeleton (D:4)
  2 river rats (D:4)
  3 shadow imps
  An ooze (D:2)
  4 adder zombies
  An adder skeleton (D:5)
  8 worms
  3 leopard geckos
  23 orcs
  3 ball pythons
  10 bats
  5 giant cockroaches
  14 goblins
  6 hobgoblins (D:3)
  6 jackals (D:4)
  5 kobolds
  3 quokkas
  A ball python skeleton (Ossuary)
  4 frilled lizards
  A hobgoblin skeleton (Ossuary)
  A hobgoblin zombie (D:8)
  A kobold zombie (Ossuary)
  4 orc zombies
  A quokka skeleton (D:4)
  10 rats
  A spectral orc (D:2)
220 creatures vanquished.

Notes
Turn   | Place    | Note
-------+----------+-------------------------------------------
     0 | D:1      | Gorglomux the Deep Dwarf Fighter began the quest for the Orb.
     0 | D:1      | Reached XP level 1. HP: 20/20 MP: 1/1
   318 | D:1      | Reached XP level 2. HP: 25/27 MP: 2/2
   801 | D:2      | Found a sparkling altar of Nemelex Xobeh.
   802 | D:2      | Found an opulent altar of Gozag.
   971 | D:2      | Found a basalt altar of Yredelemnul.
  1021 | D:2      | Reached skill level 3 in Fighting
  1068 | D:2      | Reached XP level 3. HP: 23/34 MP: 3/3
  1440 | D:2      | Found a blossoming altar of Fedhas.
  1576 | D:3      | Noticed Natasha
  1581 | D:3      | Killed Natasha
  1581 | D:3      | Reached skill level 3 in Axes
  1615 | D:3      | Reached XP level 4. HP: 14/42 MP: 4/4
  1747 | D:3      | Noticed Natasha
  1756 | D:3      | Killed Natasha
  1762 | D:3      | Reached XP level 5. HP: 24/49 MP: 5/5
  1844 | D:3      | Noticed Robin
  1855 | D:3      | Killed Robin
  2007 | D:3      | Noticed a phantom
  2054 | D:3      | Noticed Natasha
  2059 | D:3      | Killed Natasha
  2059 | D:3      | Reached XP level 6. HP: 31/57 MP: 4/4
  2362 | D:3      | Found a snail-covered altar of Cheibriados.
  2362 | D:3      | Found a hazy altar of Hepliaklqana.
  2544 | D:4      | Reached XP level 7. HP: 26/66 MP: 4/4
  2769 | D:4      | Found the +8 longbow "Zephyr" {speed, Dex+3 SInv}
  2956 | D:4      | Found a glowing drain.
  3117 | D:5      | Entered Level 5 of the Dungeon
  3162 | D:5      | Reached skill level 6 in Shields
  3201 | D:5      | Reached skill level 6 in Armour
  3210 | D:5      | Reached XP level 8. HP: 27/74 MP: 4/4
  3424 | D:5      | Found a shattered altar of Ashenzari.
  3568 | D:5      | Found a staircase to the Ecumenical Temple.
  3678 | Temple   | Entered the Ecumenical Temple
  3785 | Temple   | Became a worshipper of Makhleb the Destroyer
  3979 | D:5      | Found a deep blue altar of Sif Muna.
  4499 | D:6      | Reached skill level 1 in Invocations
  4554 | D:6      | Reached skill level 6 in Axes
  4734 | D:6      | Noticed Sigmund
  4746 | D:6      | Killed Sigmund
  5151 | D:7      | Reached skill level 3 in Invocations
  5169 | D:7      | Found a bloodstained altar of Trog.
  5176 | D:7      | Found a shimmering altar of Xom.
  5177 | D:7      | Found a radiant altar of Vehumet.
  5177 | D:7      | Found a shadowy altar of Dithmenos.
  5178 | D:7      | Found a hide-covered altar of Uskayaw.
  5185 | D:7      | Gained mutation: You passively map the area around you. [Deep Dwarf growth]
  5185 | D:7      | Reached XP level 9. HP: 47/82 MP: 6/6
  5299 | D:7      | Found Fagishro's Food Boutique.
  5345 | D:7      | Found Zadd's Antique Armour Shop.
  5348 | D:7      | Bought a pair of embroidered boots for 202 gold pieces
  5411 | D:7      | Found Cidiadot's Book Boutique.
  5434 | D:7      | Noticed Dowan
  5436 | D:7      | Noticed Duvessa
  5442 | D:7      | Killed Dowan
  5457 | D:7      | Killed Duvessa
  5457 | D:7      | Reached skill level 6 in Fighting
  5483 | D:7      | Found Liedihou's Gadget Shoppe.
  5511 | D:7      | Found Faagg's Food Shoppe.
  5517 | D:7      | Bought a wand of iceblast (5) for 117 gold pieces
  5539 | D:7      | Noticed Joseph
  5561 | D:7      | Killed Joseph
  5838 | D:8      | Reached * piety under Makhleb
  5985 | D:8      | Found a sacrificial altar of Ru.
  6013 | D:8      | Found a sand-covered staircase.
  6036 | Ossuary  | Entered an ossuary
  6240 | Ossuary  | Identified a scroll of acquirement
  6461 | D:8      | Noticed Prince Ribbit
  6475 | D:8      | Killed Prince Ribbit
  6476 | D:8      | Reached ** piety under Makhleb
  6540 | D:8      | Noticed a two-headed ogre
  6552 | D:8      | Killed a two-headed ogre
  6552 | D:8      | Reached skill level 6 in Invocations
  6552 | D:8      | Reached XP level 10. HP: 32/92 MP: 7/7
  6608 | D:9      | Found a staircase to the Lair.
  6608 | D:9      | Noticed a two-headed ogre
  6621 | D:8      | Killed a two-headed ogre
  6723 | D:9      | HP: 4/94 [wight/short sword of freezing (3)]
  6898 | D:9      | Noticed Psyche
  6945 | D:9      | Found a blossoming altar of Fedhas.
  7000 | D:9      | Killed from afar by Psyche

Skill      XL: |  1  2  3  4  5  6  7  8  9 10 |
---------------+-------------------------------+-----
Fighting       | 3 4 5 6 7 |  7.4
Axes           | 3 4 5 6 7 8 |  8.5
Shields        | 4 5 6 7 8 |  8.9
Armour         | 4 5 6 7 8 |  8.9
Invocations    | 3 6 7 |  7.2

Action                   |  1- 3 |  4- 6 |  7- 9 | 10-12 || total
-------------------------+-------+-------+-------+-------++-------
Melee: War axe           |    84 |   189 |   495 |    81 ||   849
Invok: Minor Destruction |       |       |       |     6 ||     6
 Abil: Heal Wounds       |     1 |     9 |    18 |     6 ||    34
Evoke: Wand              |       |       |     1 |     4 ||     5
  Use: Scroll            |       |     1 |    23 |       ||    24
 Stab: Held in net/web   |       |     1 |       |       ||     1
  Eat: Chunk             |     2 |     4 |    11 |     1 ||    18
       Ration            |       |       |     1 |       ||     1
Armor: Scale mail        |    32 |    77 |   143 |    30 ||   282
Dodge: Dodged            |    16 |    66 |   136 |    28 ||   246
Block: Shield            |    37 |   123 |   312 |    63 ||   535
